 Dungeon Crawl Stone Soup version 0.24-a0-778-g74da537585 (webtiles) character file.

Game seed: 11182154308025342809, levelgen mode: deterministic

556 Kohma the Ogre Mage (level 7, -10/70 HPs)
             Began as an Ogre Wizard on Oct 7, 2019.
             Mangled by a hornet zombie (12 damage)
             ... on level 4 of the Dungeon.
             The game lasted 00:19:18 (5951 turns).

Kohma the Ogre Mage (Ogre Wizard)                   Turns: 5951, Time: 00:19:19

Health: -10/70     AC:  3    Str: 13    XL:     7   Next: 30%
Magic:  5/14       EV: 10    Int: 20    God:
Gold:   172        SH:  0    Dex:  7    Spells: 8/16 levels left

rFire    . . .     SeeInvis .   s - staff of poison
rCold    . . .     Gourm    .   (no shield)
rNeg     . . .     Faith    .   a - +0 robe
rPois    +         Spirit   .   b - +0 hat
rElec    .         Reflect  .   p - scarf {cloud immunity}
rCorr    .         Harm     .   (gloves unavailable)
MR       .....                  (boots unavailable)
Stlth    +.........             (no amulet)
HPRegen  0.21/turn              (no ring)
MPRegen  0.14/turn              (no ring)

@: no status effects
A: large, unfitting armour, tough skin 1
a: no special abilities


You were on level 4 of the Dungeon.
You were not hungry.

You visited 1 branch of the dungeon, and saw 4 of its levels.

You collected 172 gold pieces.

Inventory:

Hand Weapons
 i - a +0 spear
Missiles
 j - 89 stones (quivered)
 o - 19 sling bullets
 z - 4 boomerangs
Armour
 a - a +0 robe (worn)
 b - a +0 hat (worn)
 f - a +0 plate armour of cold resistance
 p - a scarf of cloud immunity (worn)
Magical Staves
 s - an uncursed staff of poison (weapon)
Jewellery
 t - an uncursed amulet of the gourmand {unknown}
Scrolls
 g - a scroll of blinking {unknown}
 k - a scroll of fear {unknown}
 m - a scroll of enchant armour {unknown}
 n - 2 scrolls of identify {unknown}
 q - a scroll of amnesia {unknown}
 v - a scroll of teleportation {unknown}
 x - a scroll of noise {unknown}
 y - a scroll of fog {unknown}
Potions
 c - a potion of might {unknown}
 e - a potion of lignification {unknown}
 h - a potion of resistance {unknown}
 l - a potion of agility {unknown}
 r - a potion of flight {unknown}
 u - 2 potions of curing {unknown}
Comestibles
 d - 7 rations


   Skills:
 + Level 4.0 Fighting
 - Level 1.7 Dodging
 - Level 1.4 Stealth
 - Level 5.0 Spellcasting
 - Level 4.0 Conjurations
 - Level 3.0 Summonings
 - Level 0.8 Translocations
 + Level 0.9 Air Magic
 * Level 1.4 Poison Magic


You had 8 spell levels left.
You knew the following spells:

 Your Spells              Type           Power        Failure   Level  Hunger
a - Magic Dart            Conj           ###.         2%          1    None
b - Call Imp              Summ           ###.....     4%          2    None
c - Blink                 Tloc           N/A          12%         2    None
d - Mephitic Cloud        Conj/Pois/Air  ###.....     14%         3    ##.....

Your spell library contained the following spells:

 Spells                   Type           Power        Failure   Level  Hunger
 Conjure Flame            Conj/Fire      ##......     16%         3    ##.....
 Slow                     Hex            #.......     17%         2    None


Dungeon Overview and Level Annotations

Branches:
Dungeon (4/15)
 Temple: D:4-7

Altars:
Ru

Annotations:
D:4 1 transporter, lolicon's ghost, amateur DsAK


Innate Abilities, Weirdness & Mutations

You are too large for most types of armour.
You have tough skin. (AC +1)


Message History

The wyvern skeleton barely misses you.
Your crimson imp blinks!
The bullfrog skeleton hits you.
* * * LOW HITPOINT WARNING * * *
Your crimson imp hits lolicon's ghost.
You barely miss the hornet zombie.
The hornet zombie completely misses you.
Lolicon's ghost closely misses you. The wyvern skeleton bites you!
* * * LOW HITPOINT WARNING * * *
The bullfrog skeleton barely misses you.
The hornet zombie closely misses you.
Your crimson imp blinks!
Lolicon's ghost closely misses you.
You hit the hornet zombie but do no damage.
The wyvern skeleton bites you.
* * * LOW HITPOINT WARNING * * *
The bullfrog skeleton hits you.
* * * LOW HITPOINT WARNING * * *
The hornet zombie hits you!
You die...

#.# #.###### #.##.##)####..
#.#### ##.##...###.............
#....# ##..).....#####........##
####.# #.......©.......##.###.#
# #.# #.#############.##.###.#
####.####.#©....)$..(.#...<.##.#
......>...#...5.......#.##..##.#
........#.#..##Z..##..#.##..##.#
####......#..#8.@.8#..#.##..##.#
######..#.#..##ZZW##..#.....##.#
........#.#..5..©.....#........#
#######.#.#..##...##5.#.###.####
#.#.#..#8...8#..#.###.##
#...#..##...##..#.##...##
###.#...........#.#.....#
#.#...........#.##....#
#.#############.###.#.#


You could see lolicon's ghost, a hornet zombie, a bullfrog skeleton, a wyvern
skeleton and 3 friendly crimson imps.

Vanquished Creatures
  2 ogres
  A crimson imp (D:3)
  A hound (D:4)
  An orc wizard (D:3)
  A bullfrog skeleton (D:4)
  2 worker ants (D:4)
  5 adders
  2 gnolls (D:1)
  3 oozes
  A worm (D:3)
  A dart slug (D:2)
  2 leopard geckos
  7 orcs
  A giant cockroach (D:3)
  6 goblins
  7 hobgoblins
  7 jackals
  6 kobolds
  3 bats
  4 frilled lizards
  4 rats
67 creatures vanquished.

Vanquished Creatures (collateral kills)
  A hound (D:3)
  2 orc priests (D:3)
  Jessica (D:2)
  3 worker ants
  An orc wizard (D:3)
  2 gnolls (D:2)
  2 adders (D:2)
  A dart slug (D:3)
  A giant cockroach (D:3)
14 creatures vanquished.

Grand Total: 81 creatures vanquished

Notes
Turn   | Place    | Note
-------+----------+-------------------------------------------
     0 | D:1      | Kohma the Ogre Wizard began the quest for the Orb.
     0 | D:1      | Reached XP level 1. HP: 16/16 MP: 5/5
    45 | D:1      | Reached skill level 1 in Conjurations
   389 | D:1      | Reached XP level 2. HP: 26/26 MP: 3/6
   448 | D:1      | Reached skill level 1 in Fighting
  1360 | D:1      | Learned a level 2 spell: Call Imp
  1422 | D:2      | Reached skill level 1 in Summonings
  1422 | D:2      | Reached XP level 3. HP: 23/33 MP: 0/8
  1425 | D:2      | Reached skill level 4 in Spellcasting
  1450 | D:1      | HP: 1/35 [gnoll/+0 club (6)]
  1872 | D:2      | Learned a level 2 spell: Blink
  1935 | D:2      | Reached XP level 4. HP: 42/42 MP: 5/10
  2064 | D:2      | Noticed Jessica
  2074 | D:2      | Killed Jessica
  2494 | D:2      | Found a sacrificial altar of Ru.
  2987 | D:3      | Reached XP level 5. HP: 42/50 MP: 2/11
  3063 | D:3      | Learned a level 3 spell: Mephitic Cloud
  4296 | D:4      | Noticed an ogre
  4319 | D:3      | Killed an ogre
  4319 | D:3      | Reached XP level 6. HP: 56/61 MP: 0/12
  5333 | D:4      | Reached XP level 7. HP: 68/68 MP: 7/14
  5440 | D:4      | Found a transporter.
  5472 | D:4      | Reached skill level 1 in Poison Magic
  5484 | D:4      | Found a transporter.
  5485 | D:4      | Noticed lolicon's ghost (amateur DsAK)
  5683 | D:4      | Reached skill level 5 in Spellcasting
  5951 | D:4      | HP: 3/70 [wyvern skeleton (6)]
  5951 | D:4      | Mangled by a hornet zombie

Levels and vault maps discovered:
D:1:      psy_arrival_spokes, layout_loops_ring
D:2:      layout_basic, minmay_strange_pillars, nicolae_ru_the_path_less_chosen,
          uniq_jessica
D:3:      layout_basic
D:4:      layout_loops_ring, gammafunk_ghost_mausoleum

Skill      XL: |  1  2  3  4  5  6  7 |
---------------+----------------------+-----
Conjurations   | 1 2 3 4 |  4.0
Fighting       | 1 2 3 4 |  4.0
Summonings     | 1 2 3 |  3.0
Spellcasting   | 4 5 |  5.0
Poison Magic   | 1 |  1.4
Dodging        | |  1.7
Stealth        | |  1.4
Translocations | |  0.8
Air Magic      | |  0.9

Action                   |  1- 3 |  4- 6 |  7- 9 || total
-------------------------+-------+-------+-------++-------
Melee: Unarmed           |     8 |       |       ||     8
       Whip              |    22 |       |       ||    22
       Club              |    12 |       |       ||    12
       Spear             |       |   157 |       ||   157
       Staff             |       |    44 |     2 ||    46
Throw: Stone             |    13 |    17 |       ||    30
 Cast: Magic Dart        |    39 |    80 |    22 ||   141
       Call Imp          |     6 |    21 |    10 ||    37
 Stab: Sleeping          |       |     2 |       ||     2
  Eat: Chunk             |     2 |    11 |     3 ||    16
Armor: Robe              |    15 |    55 |       ||    70
Dodge: Dodged            |    37 |   119 |    14 ||   170

Table legend:
 A = Non-vault XP
 B = Vault XP
 C = Vault XP percentage of total XP
 D = Non-vault monster count
 E = Vault monster count
 F = Vault count percentage of total count
                 A         B        C        D         E       F
            +---------+---------+-------+---------+---------+-------
      Total |     776 |      19 |   2.4 |      80 |       1 |   1.2
            +---------+---------+-------+---------+---------+-------
        D:1 |      51 |       0 |   0.0 |      17 |       0 |   0.0
        D:2 |      74 |      19 |  20.4 |      16 |       1 |   5.9
        D:3 |     382 |       0 |   0.0 |      32 |       0 |   0.0
        D:4 |     269 |       0 |   0.0 |      15 |       0 |   0.0
            +---------+---------+-------+---------+---------+-------
